 Dungeon Crawl Stone Soup version 0.18-a0-1577-gf591c28 (webtiles) character file.

37660 4thArraOfDagon the Carver (level 13, -4/115 HPs)
             Began as a Naga Assassin on Mar 16, 2016.
             Was a High Priest of Okawaru.
             Killed from afar by a blizzard demon (8 damage)
             ... with a bolt of cold
             ... summoned by a deep elf demonologist
             ... on level 3 of the Elven Halls on Mar 17, 2016.
             The game lasted 01:06:03 (10903 turns).

4thArraOfDagon the Carver (Naga Assassin)          Turns: 10903, Time: 01:06:03

Health: -4/115     AC: 21    Str: 14    XL:     13   Next: 98%
Magic:  9/17       EV:  8    Int: 14    God:    Okawaru [*****.]
Gold:   204        SH: 17    Dex: 24    Spells: 4 memorised, 9 levels left

rFire  . . .     SeeInvis +     o - +2 falchion (holy)
rCold  + + .     Gourm    .     d - +1 plate armour "Ywecvav" {Dex+4 Slay+3}
rNeg   + . .     Faith    .     z - +1 shield "Deagud" {*Corrode rElec rC+ rN+}
rPois  +         Spirit   .     f - +0 helmet
rElec  +         Dismiss  .     m - +1 cloak
rCorr  .         Reflect  +     t - +1 pair of gloves
SustAt .         Harm     .     (no barding)
MR     +....                    C - +4 amulet of reflection
Stlth  ++........               N - ring of protection from cold
                                R - +5 ring of dexterity

@: heroism, finesse, very slow, somewhat resistant to hostile enchantments,
unstealthy
A: see invisible, deformed body, low mp 1, mutation resistance 1, poison
resistance, slowness 2, slow metabolism 1, spit poison 2, constrict 1, AC +4
a: Spit Poison, Heroism, Finesse, Renounce Religion


You were on level 3 of the Elven Halls.
You worshipped Okawaru.
Okawaru was extremely pleased with you.
You were not hungry.

You visited 4 branches of the dungeon, and saw 19 of its levels.
You also visited: Labyrinth.

You collected 1342 gold pieces.
You spent 1138 gold pieces at shops.

Inventory:

Hand Weapons
 a - a +3 dagger
 b - a +0 blowgun
 o - a +2 falchion of holy wrath (weapon)
Missiles
 e - 40 poisoned needles
 n - a javelin of returning (quivered)
 M - a curare-tipped needle
Armour
 d - the +1 plate armour "Ywecvav" (worn) {Dex+4 Slay+3}
   (You bought it in a shop on level 2 of the Orcish Mines)

   It affects your dexterity (+4).
   It affects your accuracy and damage with ranged weapons and melee attacks
   (+3).
 f - a +0 helmet (worn)
 m - a +1 cloak (worn)
 t - a +1 pair of gloves (worn)
 z - the +1 shield "Deagud" (worn) {*Corrode rElec rC+ rN+}
   (You found it on level 11 of the Dungeon)

   It protects you from cold.
   It insulates you from electricity.
   It protects you from negative energy.
   It may corrode your equipment when you take damage.
 O - a +3 troll leather armour
 P - a +0 large shield of protection
Magical Staves
 E - an uncursed staff of earth
Jewellery
 h - an uncursed ring of sustain attributes
 C - a +4 amulet of reflection (around neck)
 I - an uncursed ring of flight
 N - a ring of protection from cold (right hand)
 R - a +5 ring of dexterity (left hand)
Wands
 k - a wand of acid (0/15)
 r - a wand of acid (0/15)
 w - a wand of lightning (6/15)
 x - a wand of slowing (20/48)
 y - a wand of slowing (20/48)
 A - a wand of paralysis (0/24)
 H - a wand of iceblast (0/15)
 K - a wand of acid (0/15)
Scrolls
 i - 4 scrolls of remove curse
 j - a scroll of enchant weapon
 s - 5 scrolls of immolation
 L - a scroll of enchant armour
Potions
 l - a potion of lignification
 B - 3 potions of flight
 J - 2 potions of ambrosia
Books
 Q - a book of Spatial Translocations

   Spells                             Type                      Level
   a - Apportation                    Translocation                1
   b - Blink                          Translocation                2
   c - Shroud of Golubria             Charms/Translocation         2
   d - Portal Projectile              Translocation                3
   e - Teleport Other                 Translocation                3
   f - Passage of Golubria            Translocation                4
Comestibles
 c - 4 chunks of flesh
 g - 5 bread rations
 q - a royal jelly
 u - a slice of pizza
 v - 7 meat rations


   Skills:
 + Level 7.5(12.5) Fighting
 - Level 3.6(14.3) Short Blades
 * Level 13.0(18.2) Long Blades
 - Level 1.7(6.7) Throwing
 + Level 5.9(10.9) Armour
 + Level 5.9(10.9) Dodging
 - Level 6.2(11.2) Stealth
 * Level 5.4(10.4) Shields
 + Level 3.3 Spellcasting
 * Level 5.7 Hexes
 * Level 5.6 Charms
 * Level 5.4 Necromancy
 - Level 4.1 Translocations
 + Level 7.8 Invocations


You had 9 spell levels left.
You knew the following spells:

 Your Spells              Type           Power        Failure   Level  Hunger
a - Apportation           Tloc           ##........   99%         1    #......
b - Blink                 Tloc           N/A          100%        2    ##.....
c - Regeneration          Chrm/Necr      ###.......   100%        3    ###....
d - Spectral Weapon       Hex/Chrm       ###.....     100%        3    ###....


Dungeon Overview and Level Annotations

Branches:
Dungeon (13/15)            Temple (1/1) D:5             Orc (2/2) D:12
    Elf (3/3) Orc:2
   Lair: D:8-11      Vaults: D:13-14

Altars:
Ashenzari
Cheibriados
Dithmenos
Elyvilon
Fedhas
Gozag
Kikubaaqudgha
Makhleb
Okawaru
Pakellas
Qazlal
Ru
Sif Muna
Trog
Vehumet
Xom
Yredelemnul
Zin
Beogh

Shops:
Orc:1 [   Orc:2 [!:!

Annotations:
D:2 Natasha
D:5 Prince Ribbit; namnharef's ghost, weakling FoMo
D:10 1 exclusion
D:11 Duffy's ghost, journeyman MiAs
Elf:3 exclusion: Roxanne, Roxanne


Innate Abilities, Weirdness & Mutations

You cannot wear boots.
Your serpentine skin is tough (AC +4).
You have supernaturally acute eyesight.
Armour fits poorly on your strangely shaped body.
Your system is resistant to poisons.
You cover ground very slowly.
You have a slow metabolism.
You can spit poison.
You can use your snake-like lower body to constrict enemies.
Your magical capacity is low (-10% MP).
You are somewhat resistant to further mutation.


Message History

You block the deep elf blademaster's attack.
The tormentor hits you but does no damage.
You block the tormentor's attack.
The soul eater hits you but does no damage.
The deep elf blademaster hits you with a rapier.
* * * LOW HITPOINT WARNING * * *
The deep elf blademaster hits you with a rapier.
* * * LOW HITPOINT WARNING * * *
Unknown command.
Unknown command.
Unknown command.
Evoke which item? (* to show all) (? for menu, Esc to quit)
Zapping:
r - a wand of acid {zapped: 3} (will waste charges)
Press: ? - help, Shift-Dir - straight line, f - deep elf blademaster, p - rust devil
Aim: a deep elf blademaster, wielding two rapiers and wearing a scorched plate armour (almost dead, constricted by you, covered in acid) Nothing appears to happen.
You constrict the deep elf blademaster. You block the soul eater's attack.
The blizzard demon gestures at you. The bolt of cold hits you! You resist.
You die...

*,,≈≈#.......#'###'##########
*,,≈≈##.....##..#.......#....
*,,,≈≈##...##...'.......'....
*,,,≈≈≈##'##....#.......#....
*,,,,≈≈#..#...###############
*,,,,≈≈#..'...# **,** *#.
*,,,,≈≈#.)#...# **,,,***#..
*,,,,≈≈#..###'# **,,,,,*#...
*,,,,≈≈#..#.@.# **,,,,,,,##..
*,,,,≈≈#..24e3#**,,,,*,,,,**,
*,,,,≈≈#..#e2e#*,,,,***,,,,**
*,,,,≈≈#..#4.4#**,,,,*,,,,**,
*,,,,≈≈#..#.e.# **,,,,,,,**,,
*,,,,≈≈#..#..2# **,,,,,,,,,,
*,,,,≈≈#..#.).# *##,,,*,,,,,
*,,,,≈≈#..#4### *#.##,**,,*,,
*,,,,≈≈#..#...#*#...##*,,,,**


You could see a deep elf blademaster, a deep elf annihilator, a blizzard demon,
a soul eater, 2 deep elf demonologists, a hellwing, 2 rust devils, 2 tormentors
and a red devil.

Vanquished Creatures
  A deep elf blademaster (Elf:3)
  Louise (Elf:2)
  3 deep elf demonologists (Elf:3)
  A deep elf annihilator (Elf:3)
  Snorg (Orc:2)
  A minotaur (Lab)
  Josephine (Orc:1)
  Erolcha (Orc:2)
  A dancing weapon (Elf:2)
  3 deep elf knights
  A deep elf archer (Elf:2)
  12 deep elf magi
  2 hill giants
  9 orc sorcerers (Orc:2)
  Maurice (D:12)
  4 gargoyles (Lab)
  8 trolls
  A redback (Lab)
  2 wyverns
  Sigmund (D:2)
  An air elemental (Elf:3)
  6 wraiths
  17 yaks
  A water elemental (Orc:2)
  2 hippogriffs
  6 hungry ghosts
  Menkaure (D:6)
  A warg (Orc:2)
  10 orc warriors
  A phantom (D:9)
  An ice beast (D:12)
  A necrophage (D:7)
  13 ogres
  3 centaurs
  6 giant frogs
  A big kobold (D:12)
  A gnoll sergeant (Orc:2)
  2 earth elementals
  A wyvern skeleton (D:6)
  A scorpion (D:6)
  A troll zombie (D:7)
  A water moccasin skeleton (D:7)
  4 wights
  An electric eel (Elf:3)
  2 centaur zombies (D:6)
  5 crimson imps
  A wasp zombie (D:8)
  A jelly (D:9)
  3 human zombies (D:7)
  7 orc priests
  3 hounds
  Crazy Yiuf (D:5)
  2 centaur skeletons
  2 giant frog zombies (D:7)
  3 gnoll shamans
  30 orc wizards
  3 human skeletons (D:7)
  2 iguanas
  5 worker ants
  Ijyb (D:2)
  A killer bee zombie (D:8)
  An ogre zombie (D:7)
  A worker ant zombie (D:7)
  11 adders
  21 gnolls
  An ooze (D:4)
  A worm (D:2)
  A dart slug (D:2)
  5 giant geckos
  62 orcs
  2 giant cockroaches
  2 goblins
  3 hobgoblins
  7 jackals
  7 quokkas
  2 bats
  A giant gecko skeleton (D:6)
  A giant gecko zombie (D:3)
  3 giant newts
  5 kobolds
  A quokka skeleton (D:8)
  3 rats
  A fungus (D:12)
352 creatures vanquished.

Vanquished Creatures (collateral kills)
  A wight (D:7)
  A mummy (D:7)
2 creatures vanquished.

Vanquished Creatures (others)
  Nessos (D:12)
  A deep elf mage (Orc:2)
  A troll (D:12)
  An orc warrior (Orc:1)
  An electric eel (Elf:3)
  2 fungi (D:12)
  A plant (D:12)
  3 spectral weapons
11 creatures vanquished.

Grand Total: 365 creatures vanquished

Notes
Turn   | Place    | Note
--------------------------------------------------------------
     0 | D:1      | 4thArraOfDagon the Naga Assassin began the quest for the Orb.
     0 | D:1      | Reached XP level 1. HP: 19/19 MP: 1/1
    20 | D:1      | jacquesderrida: and wyrm bane
   118 | D:2      | Reached XP level 2. HP: 17/26 MP: 2/2
   119 | D:2      | Noticed Sigmund
   179 | D:3      | Found an ancient bone altar of Kikubaaqudgha.
   179 | D:3      | Found a deep blue altar of Sif Muna.
   197 | D:3      | jacquesderrida: snek mayne
   222 | D:2      | Noticed Natasha
   374 | D:4      | Reached XP level 3. HP: 22/32 MP: 3/3
   412 | D:3      | Found a burning altar of Makhleb.
   431 | D:4      | Found a sacrificial altar of Ru.
   458 | D:4      | jacquesderrida: GLEN
   525 | D:4      | Reached skill level 1 in Long Blades
   622 | D:4      | Reached XP level 4. HP: 39/39 MP: 4/4
   649 | D:5      | Entered Level 5 of the Dungeon
   674 | D:5      | Reached skill level 2 in Long Blades
   687 | D:5      | Reached skill level 3 in Long Blades
   687 | D:5      | Reached XP level 5. HP: 45/45 MP: 5/5
   766 | D:5      | Found a blossoming altar of Fedhas.
   782 | D:5      | Noticed Prince Ribbit
   805 | D:5      | Found a shattered altar of Ashenzari.
   806 | D:5      | jacquesderrida: Prince Robert
   844 | D:5      | jacquesderrida: wand of killing robert
   855 | D:6      | Noticed Menkaure
   873 | D:5      | jacquesderrida: deeeeeeeeeng
   884 | D:5      | Reached skill level 4 in Long Blades
   884 | D:5      | Reached XP level 6. HP: 43/52 MP: 6/6
   916 | D:6      | Reached skill level 5 in Long Blades
   989 | D:6      | Found a shimmering altar of Xom.
  1000 | D:6      | jacquesderrida: glass condo
  1087 | D:6      | jacquesderrida: dang
  1176 | D:5      | Noticed Crazy Yiuf
  1184 | D:5      | Killed Crazy Yiuf
  1267 | D:5      | Noticed namnharef's ghost (weakling FoMo)
  1344 | D:6      | Killed Menkaure
  1344 | D:6      | Reached skill level 6 in Long Blades
  1344 | D:6      | Reached XP level 7. HP: 60/60 MP: 7/7
  1508 | D:5      | Found a staircase to the Ecumenical Temple.
  1514 | Temple   | Entered the Ecumenical Temple
  1573 | Temple   | Became a worshipper of Warmaster Okawaru
  1717 | D:3      | Found a faded altar to an unknown god.
  1863 | D:2      | Killed Sigmund
  1863 | D:2      | Reached skill level 7 in Long Blades
  1886 | D:2      | Found an oddly glowing altar of Pakellas.
  1887 | D:2      | Noticed Ijyb
  1912 | D:2      | Killed Ijyb
  2386 | D:6      | Reached skill level 8 in Long Blades
  2386 | D:6      | Reached XP level 8. HP: 56/67 MP: 8/8
  2428 | D:6      | Reached skill level 1 in Dodging
  2508 | D:6      | Found a stormy altar of Qazlal.
  2692 | D:7      | Reached skill level 1 in Armour
  2748 | D:7      | Found a white marble altar of Elyvilon.
  2795 | D:7      | Reached * piety under Okawaru
  2945 | D:6      | Reached skill level 9 in Long Blades
  2945 | D:6      | Reached XP level 9. HP: 36/76 MP: 8/10
  2950 | D:6      | Reached ** piety under Okawaru
  3170 | D:7      | Found a basalt altar of Yredelemnul.
  3665 | D:9      | Noticed a troll
  3872 | D:9      | Reached skill level 10 in Long Blades
  3878 | D:9      | Reached *** piety under Okawaru
  3900 | D:9      | Reached XP level 10. HP: 85/87 MP: 13/13
  3955 | D:9      | Reached skill level 5 in Fighting
  4300 | D:9      | Reached **** piety under Okawaru
  4328 | D:9      | Found an opulent altar of Gozag.
  4346 | D:9      | Found a bloodstained altar of Trog.
  4402 | D:9      | Reached skill level 5 in Invocations
  4419 | D:9      | Reached skill level 11 in Long Blades
  4480 | D:9      | Received a gift from Okawaru
  4489 | D:9      | HP: 4/91 [yak (13)]
  4784 | D:10     | Entered Level 10 of the Dungeon
  4938 | D:11     | Noticed a hill giant
  5054 | D:11     | Noticed a hill giant
  5080 | D:11     | Killed a hill giant
  5080 | D:11     | Reached XP level 11. HP: 66/97 MP: 15/15
  5344 | D:11     | Got an ancient shield
  5353 | D:11     | Identified the +1 shield "Deagud" {*Corrode rElec rC+ rN+} (You found it on level 11 of the Dungeon)
  5362 | D:11     | Reached ***** piety under Okawaru
  5382 | D:11     | Noticed Duffy's ghost (journeyman MiAs)
  5449 | D:12     | Found a labyrinth entrance.
  5459 | Lab      | Entered a labyrinth
  5504 | Lab      | Reached skill level 1 in Shields
  5515 | Lab      | Reached skill level 5 in Dodging
  6637 | Lab      | Identified a scroll of acquirement
  6640 | Lab      | ROTFL
  7090 | Lab      | Noticed a minotaur
  7116 | Lab      | Killed a minotaur
  7171 | Lab      | Learned a level 1 spell: Apportation
  7174 | Lab      | Learned a level 2 spell: Blink
  7178 | Lab      | Learned a level 3 spell: Regeneration
  7182 | Lab      | Learned a level 3 spell: Spectral Weapon
  7241 | D:12     | Noticed a deep elf mage
  7250 | D:12     | Killed a deep elf mage
  7257 | D:12     | Reached skill level 5 in Armour
  7282 | D:12     | Reached skill level 1 in Hexes
  7282 | D:12     | Reached skill level 1 in Necromancy
  7286 | D:12     | Reached skill level 1 in Charms
  7347 | D:12     | Noticed Nessos
  7411 | D:13     | Noticed an eight-headed hydra
  7419 | D:13     | Noticed a griffon
  7451 | D:12     | Killed Nessos
  7451 | D:12     | Reached skill level 12 in Long Blades
  7451 | D:12     | Reached skill level 1 in Translocations
  7500 | D:12     | Found a staircase to the Orcish Mines.
  7606 | D:12     | Noticed Maurice
  7642 | D:12     | Killed Maurice
  7642 | D:12     | Reached XP level 12. HP: 106/106 MP: 16/16
  7826 | D:12     | Reached skill level 1 in Spellcasting
  7965 | Orc:1    | Entered Level 1 of the Orcish Mines
  7980 | Orc:2    | Entered Level 2 of the Orcish Mines
  8054 | Orc:2    | Noticed Josephine
  8299 | Orc:2    | Found a staircase to the Elven Halls.
  8415 | Orc:2    | Received a gift from Okawaru
  8501 | Orc:2    | Found Eden's Book Shop.
  8522 | Orc:2    | Found Dyfoho's Antique Armour Boutique.
  8547 | Orc:2    | Found an ancient bone altar of Kikubaaqudgha.
  8622 | Orc:2    | Found a radiant altar of Vehumet.
  8626 | Orc:2    | Noticed Erolcha
  8643 | Orc:2    | Killed Erolcha
  8696 | Orc:2    | Found Egoriump's Distillery.
  8721 | Orc:2    | Bought a potion of mutation for 37 gold pieces
  8721 | Orc:2    | Gained mutation: Your magical capacity is low (-10% MP). [potion of mutation]
  8721 | Orc:2    | Gained mutation: You are somewhat resistant to further mutation. [potion of mutation]
  8764 | Orc:2    | Found a roughly hewn altar of Beogh.
  8764 | Orc:2    | Found Vahewuh's Distillery.
  8972 | Orc:2    | Noticed Snorg
  9063 | Orc:2    | Killed Snorg
  9232 | Orc:1    | Killed Josephine
  9262 | Orc:1    | Gained mutation: You can use your snake-like lower body to constrict enemies. [Naga growth]
  9262 | Orc:1    | Reached XP level 13. HP: 28/115 MP: 13/16
  9481 | Orc:1    | Found Tuwep's Antique Armour Emporium.
  9596 | Orc:2    | Bought a twisted plate armour for 980 gold pieces
  9606 | Orc:2    | Identified the cursed +1 plate armour "Ywecvav" {Dex+4 Slay+3} (You bought it in a shop on level 2 of the Orcish Mines)
  9688 | Orc:1    | Bought an embroidered cloak for 121 gold pieces
  9700 | Orc:1    | Upgraded the game from 0.18-a0-1575-g920359c to 0.18-a0-1577-gf591c28
  9700 | Orc:1    | https://www.youtube.com/watch?v=YbJmEtkmC78
  9700 | Orc:1    | for the motivation
  9769 | Elf:1    | Entered Level 1 of the Elven Halls
 10022 | Elf:2    | Noticed Louise
 10079 | Elf:2    | Killed Louise
 10079 | Elf:2    | Reached skill level 5 in Charms
 10154 | Elf:2    | Reached skill level 5 in Shields
 10256 | Elf:3    | Entered Level 3 of the Elven Halls
 10266 | Elf:3    | Reached skill level 5 in Hexes
 10315 | Elf:3    | Noticed Roxanne
 10477 | Elf:3    | Noticed a deep elf demonologist
 10483 | Elf:3    | Noticed a deep elf annihilator
 10487 | Elf:3    | Killed a deep elf demonologist
 10487 | Elf:3    | Reached skill level 5 in Necromancy
 10488 | Elf:3    | Noticed a deep elf demonologist
 10493 | Elf:3    | Killed a deep elf annihilator
 10493 | Elf:3    | Received a gift from Okawaru
 10497 | Elf:3    | Noticed a Hell Sentinel
 10497 | Elf:3    | Killed a deep elf demonologist
 10659 | Elf:3    | Noticed a deep elf blademaster
 10691 | Elf:3    | Killed a deep elf blademaster
 10691 | Elf:3    | Reached skill level 13 in Long Blades
 10749 | Elf:3    | Noticed a deep elf demonologist
 10757 | Elf:3    | Noticed a Shadow Fiend
 10757 | Elf:3    | Noticed a Brimstone Fiend
 10759 | Elf:3    | Noticed a blizzard demon
 10767 | Elf:3    | Killed a deep elf demonologist
 10855 | Elf:3    | Noticed a deep elf blademaster
 10862 | Elf:3    | Noticed a deep elf annihilator
 10867 | Elf:3    | Noticed a deep elf demonologist
 10892 | Elf:3    | Noticed a deep elf demonologist
 10900 | Elf:3    | Noticed a blizzard demon
 10902 | Elf:3    | HP: 4/115 [deep elf blademaster/rapier (3)]
 10903 | Elf:3    | Killed from afar by a blizzard demon

Vault maps used:
D:1:      ncdulo_lavacross
D:2:      grunt_pakellas_basics, uniq_iyjb, uniq_sigmund, uniq_natasha
D:3:      nicolae_overflow_hidden_temple, grunt_temple_overflow_open,
          ecumenical_altar_2
D:4:      nicolae_ru_sacrificial_ziggurat, lemuel_coloured_pillars_altar,
          first_bread
D:5:      lemuel_doored_altar, lemuel_round_altar, lemuel_crystal_altar,
          minmay_temple_entry_enclosed_plants, nicolae_zen_rock_garden,
          uniq_crazy_yiuf_cottage, uniq_prince_ribbit1
D:6:      kennysheep_mini_moat, nicolae_qazlal_general_emergency,
          minmay_misc_feat_plants, uniq_menkaure
D:7:      lemuel_crystal_altar, lemuel_mausoleum_altar_yredelemnul
D:9:      grunt_gozag_breadcrumbs, kennysheep_mini
D:10:     wad_bat_island, david_lair_shrubbed, serial_shops, shop
D:12:     kennysheep_seaside_town, hiddenorc2_lemuel, lab_entry_generic,
          hangedman_tree_tricks, uniq_nessos, uniq_maurice
D:13:     nicolae_whirlpool, kennysheep_generic_room_13, uniq_azrael
Temple:   nicolae_temple_hex_pool_5
Orc:1:    serial_shops, shop
Orc:2:    kennysheep_orc_mage_school, uniq_snorg, uniq_josephine
Elf:1:    hangedman_elf_disciples
Elf:2:    uniq_louise, uniq_donald
Elf:3:    grunt_elf_hall_diamonds, grunt_ministairs_9, uniq_roxanne
Lab:      nicolae_lab_dead_adventurers, lab_block, nicolae_lab_x, lab_fountain,
          labyrinth_lava_lair, nicolae_lab_diamond

Skill      XL: |  1  2  3  4  5  6  7  8  9 10 11 12 13 |
---------------+----------------------------------------+-----
Stealth        | 6 |  6.2
Short Blades   | 3 |  3.6
Long Blades    | 1 3 4 6 8 9 10 11 12 13 | 13.0
Dodging        | 2 3 4 5 |  5.9
Armour         | 2 3 4 5 |  5.9
Fighting       | 3 4 5 6 7 |  7.5
Invocations    | 2 4 5 6 7 |  7.8
Shields        | 3 4 5 |  5.4
Hexes          | 2 4 5 |  5.7
Necromancy     | 2 3 5 |  5.4
Charms         | 2 4 5 |  5.6
Translocations | 1 4 |  4.1
Spellcasting   | 2 3 |  3.3
Throwing       | |  1.7

Action                   |  1- 3 |  4- 6 |  7- 9 | 10-12 | 13-15 || total
-------------------------+-------+-------+-------+-------+-------++-------
Melee: Dagger            |    26 |    74 |   124 |     4 |       ||   228
       Long sword        |       |    16 |   230 |   345 |       ||   591
       Falchion          |       |       |       |   763 |   396 ||  1159
 Fire: Blowgun           |    24 |     6 |     9 |    12 |       ||    51
Throw: Javelin           |       |       |       |    20 |       ||    20
       Tomahawk          |       |       |       |     4 |       ||     4
 Cast: Apportation       |       |       |       |     2 |       ||     2
       Regeneration      |       |       |       |     1 |    17 ||    18
       Spectral Weapon   |       |       |       |     1 |     5 ||     6
Invok: Heroism           |       |       |     3 |    37 |    12 ||    52
       Finesse           |       |       |       |     2 |     3 ||     5
 Abil: Spit Poison       |     7 |    13 |    30 |    28 |       ||    78
Evoke: Wand              |       |     2 |    18 |    18 |     1 ||    39
  Use: Scroll            |       |    12 |     6 |    13 |     3 ||    34
       Potion            |       |     1 |       |    13 |     3 ||    17
 Stab: Sleeping          |     4 |     2 |    16 |     5 |     3 ||    30
       Paralysed         |       |       |    14 |    18 |       ||    32
       Distracted        |       |       |       |     1 |     2 ||     3
  Eat: Chunk             |       |     2 |     7 |    14 |     6 ||    29
       Meat ration       |       |       |     1 |       |       ||     1
       Beef jerky        |       |       |       |     3 |     3 ||     6
       Fruit             |       |       |       |     7 |       ||     7
       Royal jelly       |       |       |       |     2 |       ||     2
       Pizza             |       |       |       |       |     1 ||     1
